[Event "44th Chess Olympiad Open 2022"]
[Site "Chennai"]
[Date "2022.08.02"]
[Round "5.4"]
[White "Boruchovsky, Avital"]
[Black "Caruana, Fabiano"]
[Result "1/2-1/2"]
[WhiteElo "2551"]
[BlackElo "2783"]
[Annotator "TA"]
[PlyCount "63"]
[EventDate "2022.??.??"]
[TimeControl "60"]

1. c4 e5 2. Nc3 d6 3. Nf3 f5 4. g3 Be7 {[%emt 0:01:33] [#]} 5. Bh3 $146 ({
Predecessor:} 5. h4 Nf6 6. d4 e4 7. Ng5 c6 8. d5 Na6 9. Bg2 O-O 10. O-O Nc7 11.
Nh3 Ng4 12. Bf4 c5 13. f3 exf3 14. exf3 Ne5 15. b3 Bf6 16. Qc2 Bd7 {0-1 (51)
Caruana,F (2781)-Grischuk,A (2742) Chess.com INT 2022}) 5... c5 6. d3 {[%emt 0:11:43] A21: English Opening: 1...e5 2 Nc3.} Nc6 7. Nd5 Nf6 8. Nxe7 Qxe7 9. Nh4 (9. O-O $11) 9... f4 $1 $15 10. Bxc8 Rxc8 11. gxf4 O-O {[%emt 0:04:12] aiming for ...exf4.} 12. Ng2 (12. Nf5
$1 $15 Qe6 13. Ng3) 12... d5 13. cxd5 Nxd5 14. fxe5 Nd4 {[%emt 0:00:00] Pair
of Knights!} 15. Be3 Qxe5 {[%emt 0:00:00] [#] Threatens to
win with ...Rc6.} 16. Bxd4 cxd4 17. O-O Rc6 18. Qb3 ({White should
try} 18. f4 $15 Qe6 19. Rc1) 18... Kh8 (18... Rh6 $17 19. f4 (19. h4 $2 Rg6 $19) 19... Qh5) 19. f4 $1 $11 Nxf4 (19... Qh5 $5 20. Rf3 Rh6
$15) 20. Rxf4 {[%emt 0:00:00] The position is equal.} Rxf4 21.
Qxb7 {[%emt 0:01:25] [#] Qa8+ would kill now.} Rcf6 22. Nxf4 {[%emt 0:00:00] Dancing on a razor blade.} Qxf4 {
[%emt 0:00:04] Endgame KQR-KQR} 23. Kh1 Rf7 24. Qa8+ Rf8 25. Qxa7 {[%emt 0:00:04] Hoping
for b4.} Qe5 26. Qb7 Qxe2 {[%emt 0:00:11] (
-> ...Rf1+)} 27. Rg1 g6 28. Qe4 Qxb2 29. Qe5+ Kg8 30. Qd5+ Kg7 31. Qe5+ Kg8 32. Qd5+ {[%emt 0:00:05] Weighted Error
Value: White=0.12 (very precise) /Black=0.09 (flawless)} 1/2-1/2

[Event "44th Chess Olympiad Open 2022"]
[Site "Chennai"]
[Date "2022.08.02"]
[Round "5.5"]
[White "Wojtaszek, Radoslaw"]
[Black "Fressinet, Laurent"]
[Result "1-0"]
[WhiteElo "2708"]
[BlackElo "2631"]
[Annotator "TA"]
[PlyCount "139"]
[EventDate "2022.??.??"]
[TimeControl "60"]

1. d4 Nf6 2. c4 e6 3. Nc3 Bb4 4. Qc2 d5 5. a3 Bxc3+ 6. Qxc3 Ne4 {[%emt 0:01:57] 6...Ne4 was played by the boomers.} 7. Qc2 c5 8. dxc5 {[%emt 0:00:12] E37: Nimzo-Indian:
Classical: 4...d5 5 a3 Bxc3+ 6 Qxc3 Ne4.} Nc6 ({Less strong is
} 8... Nxc5 9. cxd5 Nca6 10. b4 $16) 9. Nf3 {[%emt 0:01:11] Against Nd4} (9. e3
$5 ) 9... O-O 10. b4 {[%emt 0:14:25][%cal Yb2b4,
Yb4b5] Prevents Qa5. White is slightly better.} a5 11. b5 {
[%emt 0:00:20] aiming for cxd5.} Ne7 12. Bb2 Nxc5 13. cxd5 b6 14. Rd1 (14. dxe6 {seems wilder.} Bxe6 15. Rd1 Bb3 16. Rxd8 Bxc2 17.
Rxa8 Rxa8 18. Nd4) 14... exd5 (14... Nxd5 $2 15. e4 $18) 15.
Nd4 {[%emt 0:03:15] Prevents Bf5.} ({Don't blunder} 15. Bxg7 $2 Kxg7 16. Nd4
Qd6 $19) 15... Bg4 16. g3 {[%emt 0:00:53] [#]} Qd7 $146 ({Predecessor:} 16... Rc8 17. Bg2 Bh5 18. Nc6 Nxc6 19. Rxd5 Bg6
20. Qc3 Qf6 21. Qxf6 gxf6 22. bxc6 Rxc6 {0-1 (41) Gonzalez Vidal,Y (2530)
-Garcia Pantoja,R (2407) Ciego de Avila 2009}) 17. h3 $40 {[%emt 0:01:12]
Black needs to defend precisely.} Bh5 18. Bg2 Rac8 {[%emt 0:08:35] Prevents Nc6.} 19. O-O Bg6 20. Qd2 Ne4 21.
Qf4 Rc4 22. Rc1 Nd6 23. Rxc4 Nxc4 24. Bc1 {
[%emt 0:00:31] A strong pair of Bishops.} Be4 (24... f6 $14)
25. Bxe4 $16 dxe4 26. Qxe4 Nd6 27. Qg4 {[%emt 0:02:35] White is more active.} Qxg4 28. hxg4 Nd5 ({Better is} 
28... Rc8) 29. Bf4 Nxf4 30. gxf4 {[%emt 0:00:
00] Endgame KRN-KRN} Rc8 31. Rd1 Kf8 32. a4 Ne4 33. Kf1 Nc3 34. Rc1 g6 ({
Black should play} 34... Rc4) 35. e3 Rc5 36.
Nb3 Rc8 {[%emt 0:00:48] [#]} (36... Rc4 $16 {was called for.}
37. Nxa5 Rxa4) 37. Nxa5 $1 $18 Ke8 (37...
bxa5 38. b6) 38. Nb3 {[%emt 0:00:59] a5 is the strong threat.} Kd7 39. Nd4 {[%emt 0:02:09] Strongly threatening Nc6.} Nxa4 40. Nc6 Ke8 41. Kg2 Kf8 42. Kf3 Nc5 43. Ra1 Rc7 44. Ra8+ Kg7 45.
Rd8 h6 46. f5 Nb7 (46... gxf5 $142 47. gxf5 Rd7) 47. Rd5 gxf5 48. gxf5 Nc5 49. e4 Rd7 50. Rxd7 Nxd7 {[%emt 0:
00:03] KN-KN} 51. e5 {[%emt 0:00:00] Hoping for Kg4.} Nc5 52.
Kg4 (52. f6+ $142 Kf8 53. Kg4) 52... Ne4 $2 (
52... f6 53. e6 Ne4) 53. f6+ Kf8 54. f4 Nc3 55. Nd4 Nd5 56. Ne2 Nc7 57. Nc3 {
[%emt 0:01:40] Black must now prevent Kh4.} Ne6 58. Nd5 Kg8 59. f5 {[%emt 0:00:51] White mates.} Nd4 60. Nc7 h5+ 61. Kf4 Ne2+ 62. Kg5 Ng3 63.
Nd5 Kf8 64. e6 Ne4+ 65. Kxh5 Nd6 66. e7+ Ke8 67. Nc7+ Kd7 68. e8=Q+ Nxe8 69. Nxe8 Kxe8 70. Kh6 {[%emt 0:00:05] Weighted Error Value: White=0.10
(very precise) /Black=0.32} 1-0

[Event "44th Chess Olympiad Open 2022"]
[Site "Chennai"]
[Date "2022.08.02"]
[Round "5.5"]
[White "Moussard, Jules"]
[Black "Duda, Jan-Krzysztof"]
[Result "1/2-1/2"]
[WhiteElo "2672"]
[BlackElo "2750"]
[Annotator "TA"]
[PlyCount "75"]
[EventDate "2022.??.??"]
[TimeControl "60"]

1. e4 e5 2. Nf3 Nc6 3. Bb5 Nf6 4. d3 Bc5 5. c3 d5 6. Nbd2 O-O 7. O-O dxe4 8. dxe4 Qe7 9. b4 {[%emt 0:03:25] C00:
French: Unusual White 2nd moves.} Bd6 10. a3 a5 11. Rb1 axb4 12. axb4 Be6 {[%emt 0:03:37] [#]} 13. Qe2 $146 ({Predecessor:} 13. Re1 Rfd8 14. Qc2 h6 15. Bf1 Ra2 16. Bb2 Qe8 17. Nc4 b5
18. Ne3 Ne7 19. Ra1 {½-½ (56) Carlsen,M (2835)-Kramnik,V (2777) Wijk aan Zee
2019}) 13... Ra2 14. Ng5 Bg4 15. Qc4 Rfa8 16. h3 Bd7 17. Qd3 h6 (17... Nh5 {
seems wilder.} 18. Nc4 Nxb4 19. Rxb4 Bxb4 20. Bxd7 Bc5) 18. Ngf3 {[%emt 0:00:
00] The position is equal.} Be6 19. Bc4 Bxc4 20. Nxc4 Qe6 21. Ne3 Rd8 22. Nd5 Nxd5 23. exd5 e4 {[%emt 0:00:31][%cal Ye6g6] [#] White must now prevent ...
Qg6!} 24. Qc4 Ne5 $1 (24... Qg6 $2 25. Ne1 (
25. Nh4 Ne5 $14) 25... Ra6 26. dxc6 $16) 25. Qxe4 ({Much
weaker is} 25. dxe6 Nxc4 26. exf7+ Kxf7 $17) (25. Qxa2 Nxf3+ 26. Kh1 (26. gxf3
$2 Qg6+ 27. Kh1 exf3 $19) 26... Qe5 $17) 25... Qg6 $132 {[%emt 0:00:15] Black
is not holding back} 26. Qxg6 Nxf3+ 27. gxf3 fxg6 28. Be3 b5 29. Ra1 Rc2 30. Ra5 Rxc3 31. Rxb5 Rb3 32. Rc1 Rxb4 33. Rxb4 Bxb4 34. Rxc7 Rxd5 $11 {[%emt 0:00:04] KRB-KRB} 35. Rc8+ Kf7 36. Rc7+ Kg8 37. Rc8+ Kf7 38. Rc7+ {[%emt 0:02:01]
An interesting draw. Weighted Error Value: White=0.05 (flawless) /Black=0.04 
(flawless)} 1/2-1/2

[Event "44th Chess Olympiad Open 2022"]
[Site "Chennai"]
[Date "2022.08.02"]
[Round "5.5"]
[White "Lagarde, Maxime"]
[Black "Moranda, Wojciech"]
[Result "1-0"]
[WhiteElo "2631"]
[BlackElo "2636"]
[Annotator "TA"]
[PlyCount "121"]
[EventDate "2022.??.??"]
[TimeControl "60"]

1. e4 c6 2. d4 d5 3. Nc3 dxe4 4. Nxe4 Nf6 5. Nxf6+ exf6 6. Be3 Bd6 {[%emt 0:03:55] B15:
Caro-Kann: 3 Nc3:3...g6 and 3...dxe4 4 Nxe4 Nf6 5 Nxf6+ exf6.} 7. Bd3 O-O 8. Ne2 (8. Qh5 g6 9. Qd1 Qb6 $11)
8... Re8 {[%emt 0:11:10][%cal Yc8f5] The position is equal.} 9. O-O Nd7 10. c4 Nf8 11. Ng3 g6 12. Qd2 f5 {[%emt 0:08:35] [#]} 13. Ne2 $146 ({
Predecessor:} 13. Rae1 Bd7 14. Ne2 Ne6 15. Kh1 a5 16. a3 a4 17. f3 Qc7 18. c5
Bf8 19. Bc4 {1-0 (42) Solozhenkina,E (2283)-Vanishvili,M (1918) Sochi 2022})
13... Ne6 (13... Qh4 14. g3 Qd8 15. Rfe1 $14) 14. Rad1 b6 (14... Qh4 15. g3 Qd8 16. Rfe1 $14) 15. b4 Bb7 16. c5 Bc7 17. Bc4 a5 18. b5 $1 cxb5 19. Bxb5 {[%emt 0:00:44] Black must now prevent d5.} Qd5 (19... f4 $1 $11 {remains equal.} 20. Nxf4 (20. Bxe8 fxe3 21.
Bxf7+ Kxf7 $16) 20... Qg5 $1) 20. f3 $16 {[%emt 0:00:14] And now Nc3 would win.
} bxc5 21. dxc5 (21. Bxe8 $16 {Hoping for
Ba4.} Rxe8 22. dxc5) 21... Qe5 ({Better is} 21... Qxd2 $14 22.
Rxd2 f4) 22. f4 $1 Nxf4 23. Nxf4 ({White should play} 23. Bxf4 Qxc5+ 24. Nd4 Bxf4 25. Rxf4) 23... Qxe3+ 24. Qxe3 Rxe3 25. c6 $1 Ba6 26. Bxa6 Rxa6 27. Nd5 Re2 28. Nxc7 Rxc6 29. Nd5 Rcc2 30. Nf4 Re4 31. a3 Ra2 32. Rf3 Rc4 33. h4 Kg7 34. Rd7 Ra4 35. Ne6+ Kf6 36. Nd8 Rxh4 37. Rxf7+ Ke5 38. Re7+ (38. Ra7 $5 ) 38... Kd6 39.
Ree3 Rd4 (39... Ra1+ $14 40. Kf2 Ra2+ 41. Re2
Rxe2+ 42. Kxe2 Re4+ 43. Kf2 Kd5) 40. Nb7+ Kc6 41. Nxa5+ Kb6 42. Nb3 Rg4 {
[%emt 0:06:26] [#]} (42... Re4 {was worth a try.} 43. Nc1 Rd2) 43. Rf2 $1 $18 ({Don't do} 43. Re6+ $6 Kb5) 43... Rxa3 44.
Re6+ (44. Rc2 $18) 44... Kb5 {[%emt 0:01:07] [#]} (44... Ka7
$16) 45. Rb2 $1 Kc4 46. Nd2+ Kd5 47. Re8 h5 48. Nf1 (48. Rc2 $18) 48... Ra1 $16 49. Rd2+ Kc6 50. Rc8+ Kb7 51.
Rc3 Rb1 {[%emt 0:02:34] Prevents Rb2+.} 52. Rdc2 ({White should try} 52. Rd7+ Kb6 53. Rd8) 52... h4 $2 {[%emt 0:01:13] [#]
Black cannot hold the game after this.} (52... Rf4 $16 {keeps fighting.}) 53.
Kh2 $1 $18 Ra4 (53... Rxf1 $2 {leads to mate.
} 54. Rb3+ Ka8 55. Ra2+) (53... h3 54. Rxh3) 54. Nd2 Rb6 55. Nc4 Re6 56. Rb3+ Ka6 $2 {[%emt 0:01:08] [#]} (56... Ka7 $18 57. Ne3 Re7) 57.
Rcb2 $1 {[%emt 0:02:45] White mates.} g5 (57... Ra1 58. Rb6+)
58. Nb6 Ra1 59. Nd7 Re8 60. Rb7 Rc8 61. R2b6+ {
[%emt 0:00:10] Weighted Error Value: White=0.10 (very precise) /Black=0.36} 1-0

[Event "44th Chess Olympiad Open 2022"]
[Site "Chennai"]
[Date "2022.08.02"]
[Round "5.5"]
[White "Bartel, Mateusz"]
[Black "Maurizzi, Marc`Andria"]
[Result "1/2-1/2"]
[WhiteElo "2597"]
[BlackElo "2506"]
[Annotator "TA"]
[PlyCount "73"]
[EventDate "2022.??.??"]
[TimeControl "60"]

1. e4 c5 2. Nf3 Nc6 3. Nc3 g6 4. Bc4 Bg7 5. O-O d6 6. a3 Nf6 7. d3 O-O 8. h3 {
[%emt 0:06:49] B50: Sicilian: 2...d6, Miscellaneous.} Nd4 9.
Nxd4 cxd4 10. Nd5 Nxd5 {
[%emt 0:08:37] [#]} (10... Rb8 {keeps more tension.} 11. Bd2 b5 12. Bb3 Nxd5
13. Bxd5 e6) 11. exd5 $146 ({Predecessor:} 11. Bxd5 Qc7 12.
Bd2 Be6 13. Bxe6 fxe6 14. c4 dxc3 15. Bxc3 Bxc3 {½-½ (15) Hansen,S (2555)
-Smirin,I (2662) Turin 2006}) 11... e5 12. dxe6 Bxe6 13. Bxe6 fxe6 14.
Bd2 Rc8 15. Rc1 Qb6 16. c4 dxc3 ({Don't play} 16... Qxb2 17. Bb4 Be5 18. Rb1 $16) 17. Bxc3 Bxc3 18. bxc3 Rc5 19. d4 Rcf5 20. Qe2 R8f6 21. Rc2 Ra5 22. Rb2 Qc6 23. Rb3 Rg5 {
[%emt 0:04:31][%csl Gg5][%cal Rc6g2] [#]} 24. f3 b6 25. Kh1 Rgf5 {[%emt 0:02:17] The position is equal.}
26. c4 e5 27. Rd1 exd4 28. Rxd4 Re5 29. Re3 Rfe6 30. Rxe5 Rxe5 $11 {
[%emt 0:00:29] Endgame KQR-KQR} 31. Qd2 Re6 32. Qg5 Qe8 33. Qd5 Kg7 34. Kh2 Qe7 35. f4 Qf6 36. a4 h5 37.
Re4 {[%emt 0:02:11] An even fight not without its subleties. Weighted Error
Value: White=0.02 (flawless) /Black=0.02 (flawless)} 1/2-1/2

[Event "44th Chess Olympiad Open 2022"]
[Site "Chennai"]
[Date "2022.08.02"]
[Round "5.6"]
[White "Mamedyarov, Shakhriyar"]
[Black "Quesada Perez, Yasser"]
[Result "1-0"]
[WhiteElo "2759"]
[BlackElo "2568"]
[Annotator "TA"]
[PlyCount "125"]
[EventDate "2022.??.??"]
[TimeControl "60"]

1.
c4 e5 2. Nf3 e4 3. Nd4 Nc6 4. e3 Nf6 5. Nc3 Bb4 6. Qb3 {[%emt 0:00:52] Black must now prevent Nxc6. A20: English Opening:
1...e5.} Bc5 {[%emt 0:03:29] 6...a5 gains popularity.} 7. Nde2 O-O 8. Ng3 {[%emt 0:00:02] The position is equal.} Re8 {
[%emt 0:00:25] [#]} 9. d3 $146 ({Predecessor:} 9. a3 Bd6 10.
Qc2 Bxg3 11. hxg3 d6 12. b3 h6 13. Bb2 Bg4 14. Rh4 Qd7 15. Nxe4 Nxe4 {½-½ 
(60) Cardoso,S (2228)-Depasse,J (2377) LSS email 2019}) 9... exd3 10. Bxd3 Ng4 (10... b6 $142) 11. Be2 (11. h3 $5 Nf6 12. O-O $11) 11... d6 12. Bd2 Bb6 13. Nd5 Ne7 14. Nxb6 axb6 15. h3 Ne5 16. e4 {[%emt 0:05:13] Against Nf5} N7c6 17. Qc3 {[%emt 0:03:00] Inhibits Nd4.} Qf6 18.
a3 ({Better is} 18. Nh5 $16 Qh4 19. O-O Qxe4 20. Rfe1) 18...
Nd7 19. Qxf6 (19. b4 {looks sharper.} g6 20.
O-O h5 21. Rfe1) 19... Nxf6 20. f3 Be6 21. Bc3 {[%emt 0:01:30] Against Nd4} Nd7 22.
Nh5 f6 23. Nf4 Bf7 (23... Nc5 $14 {is more appropriate.}) 24.
Nd5 $16 Rac8 25. Kf2 Ne7 26. Ne3 {[%emt 0:01:17] White is much more active.} Nc5 27. b4 Na4 28. Bd2 c6 29. Rac1 Red8 30.
Rc2 d5 31. cxd5 cxd5 {
[%emt 0:00:03] Strongly threatening ...d4.} 32. Rxc8 Rxc8 33. Bb5 Be8 34. Bxe8 Rxe8 35. exd5 Rd8 36. Rc1 Nxd5 {[%emt 0:00:14] White stays focused
until the end.} 37. Nxd5 Rxd5 {[%emt 0:00:04] Endgame KRB-KRN}
38. Rc8+ Kf7 39. Rc7+ Ke6 40. Be3 Rd7 41. Rxd7 Kxd7 {[%emt 0:30:06] KB-KN} 42. Bd4 $1 Ke6 43. Ke3 Kf5 (43... Kd5 $16)
44. g4+ $18 Kg5 45. Kf2 $1 Kf4 46. h4 $1 b5 47. Kg2 $1 g6 {[%emt 0:00:32] [#]} 48. Kf2 $1 ({Don't
take} 48. Bxf6 $6 Nb6 $16) 48... h5 $2 (48... g5 49. h5 (49.
Bxf6 gxh4 50. Bd4 Kg5 $16) 49... f5) 49. gxh5 gxh5 {[%emt 0:
00:03] [#]} 50. Kg2 $1 Kf5 51. Kg3 Ke6 52. Kf4 Kd5 53.
Bxf6 Nb6 54. Kg5 Ke6 55. f4 Nd5 56. f5+ Kf7 57. Bd4 Ne7 58. Bb2 Kf8 59. Bf6 {[%emt 0:
00:00] White threatens Bxe7+ and mate.} Nc8 60. Kxh5 Kf7 61. Kg5 (61. Bd4 $142 Nd6 62. Kg5
Ne4+ 63. Kf4) 61... Nd6 62. Bd4 Ne4+ 63. Kf4 {[%emt 0:00:14] Weighted Error Value: White=0.06 
(flawless) /Black=0.47} 1-0

[Event "44th Chess Olympiad Open 2022"]
[Site "Chennai"]
[Date "2022.08.02"]
[Round "5.6"]
[White "Durarbayli, Vasif"]
[Black "Quesada Perez, Luis Ernesto"]
[Result "0-1"]
[WhiteElo "2638"]
[BlackElo "2549"]
[Annotator "TA"]
[PlyCount "114"]
[EventDate "2022.??.??"]
[TimeControl "60"]

1. e4 c5 2. Nf3 d6 3. d4 cxd4 4. Nxd4 Nf6 5. Nc3 a6 6. Be3 e5 7. Nf3 Be7 8. Bc4 O-O 9. O-O Nc6 10.
Qe2 Na5 {[%emt 0:01:53] B90: Sicilian Najdorf: Unusual White
6th moves, 6 Be3 Ng4 and 6 Be3 e5.} 11. Bd5 Be6 12. Rfd1 Qc7 {[%emt 0:01:57] [#] The
position is equal.} 13. Rac1 $146 ({Predecessor:} 13. Bg5 Bxd5
14. Rxd5 Nc4 15. Bxf6 Bxf6 16. Rd3 Rfc8 17. Nd5 Qd8 18. Rb3 b5 19. a4 {1-0 (36)
Naiditsch,A (2653)-Moussard,J (2668) Chartres 2022}) 13... h6 14. Nd2 Rac8 15. a4 Qd7 16. Bb6 {[%emt 0:07:07] Hoping for Bxe6.} Bd8 $1 17. Bxe6 fxe6 18. Bxd8 Rfxd8 19. Rb1 Qc6 20. h3 Rd7 21. Nf3 ({White should play} 21. Qe3 $15) 21... Qb6 22. Rd3 Rdc7 {[%emt 0:01:50][%cal Yc7c3] aiming for ...Rxc3!}
23. Nd2 Nc4 24. Nxc4 Rxc4 25. Qe3 Qxe3 (
25... Qb4 {is interesting.} 26. Qd2 R8c6 27. f3 Nd7) 26. Rxe3 Kf7 27. Kf1 Ke7 28. Rd1 Rb4 {[%emt 0:00:44] White is now going downhill.} 29. b3 {
[%emt 0:01:35] [#]} (29. Rb1 $142) 29... Rb6 $1 $17 30. Rdd3 Rbc6 31. Ke1 g5 32. Kd2 h5 {[%emt 0:05:42][%cal Yh6h5,
Yh5h4] Inhibits g4.} 33. g3 {[%emt 0:01:11] [#]} h4 $1 {[%emt 0:00:47] And now
...g4 would win.} 34. Ke1 Rc5 35. Kf1 (35. Kd1 $17) 35... hxg3 $19 36. fxg3 g4 37. Kg2 (37. h4 {only
move.}) 37... b5 38. axb5 axb5 39. b4 Rc4 40. hxg4 Nxg4 41. Rf3 Rxb4 42. Rd2 Rb2 43. Rfd3 Rc6 ({Not} 43... b4 $2 44. Nd1 Rbxc2 45. Kf3 Rxd2 46. Rxd2 $19) 44. Kf3 Nf6 45. g4 Nh7 46. Ke3 Ng5 47. Ne2 Rb4 48. Ng3 Rbc4 49. Rb3 b4 50. Rdd3 Rc8 51. Rb2 Rf8 52. Ra2 Rc7 53. Rb2 Rf4 54. Rxb4 $2 (54. Kd2 Rf2+ 55. Kd1) 54... Rxc2 {[%emt 0:00:19][%csl Gg5]
[%cal Rf4f3] Black is clearly winning.} 55. Rb7+ Kf8 56. Rb8+ Kf7 57. Rb7+ Kg6 {[%emt 0:07:49] Weighted
Error Value: White=0.31/Black=0.03 (flawless)} 0-1

[Event "44th Chess Olympiad Open 2022"]
[Site "Chennai"]
[Date "2022.08.02"]
[Round "5.6"]
[White "Albornoz Cabrera, Carlos Daniel"]
[Black "Mamedov, Rauf"]
[Result "1-0"]
[WhiteElo "2566"]
[BlackElo "2656"]
[Annotator "TA"]
[PlyCount "75"]
[EventDate "2022.??.??"]
[TimeControl "60"]

1. e4 c5 2. Nf3 Nc6 3. d4 cxd4 4. Nxd4 Nf6 5. Nc3 e5 6. Ndb5 d6 7. Nd5 Nxd5 8. exd5 Nb8 9. a4 Be7 10.
Be2 O-O 11. Bd2 {[%emt 0:00:07] B33:
Sicilian: Pelikan and Sveshnikov Variations.} a6 12. Na3 a5 13. Bb5 {[%emt 0:00:04] The position is
equal.} f5 14. Qe2 Nd7 {[%emt 0:14:38] [#]}
15. Nc4 $146 ({Predecessor:} 15. O-O-O Nc5 16. f4 Bf6 17. fxe5
dxe5 18. Be3 b6 19. Nc4 Rb8 20. Nxa5 bxa5 21. Bxc5 {1-0 (27) Anand,V (2765)
-Baron,T (2531) Douglas 2019}) 15... Nc5 16. Be3 Qc7 {[%emt 0:06:29] [#]} (16... b6 $11 {remains equal.}) 17. f4 $1 $16 {
[%emt 0:01:23] Threatens to win with fxe5.} e4 18. O-O-O Bd7 19. Bxd7 Nxd7 20. Na3 Rac8 21. Kb1 Nc5 22. Nb5 Qd7 23. b3 Bf6 24. h3 Na6 25. g4 Nc7 26. Nxc7 Qxc7 27. c4 b5 {[%emt 0:06:29] A mistake
that costs the game.} (27... Bc3 $14) 28. axb5 $18 a4 29. b6 (29. bxa4 Qa5 30. Bd4 Qxa4
$17) 29... Qb7 {[%emt 0:05:58] [#]} 30. b4 {[%emt 0:00:08] c5 is the strong
threat.} ({Don't blunder} 30. bxa4 $2 Qa6 31. Bd4 (31. g5 Rxc4 32. Bd4 Rb4+ 33.
Qb2 Rxb2+ $19) 31... Rxc4 32. Bxf6 (32. Qb2 $2 Qxa4 33. Bxf6 gxf6 $19) 32...
gxf6 $19) 30... Qa6 31. Rc1 {[%emt 0:00:29] aiming for Rc2.}
a3 $2 (31... Rb8 32. Rc2 (32. gxf5 Bd8 $16) 32... Rxb6 33.
Bxb6 Qxb6) 32. Ka2 Rb8 33. Rc2 {[%emt 0:00:
00] White is clearly winning.} Rfc8 (33... Rxb6 $142 34. Bxb6
Qxb6) 34. c5 Qa4 35. c6 Qxb4 36. Rb1 Bb2 37. Qa6 {[%emt 0:03:29] Active counter play!} Rf8 38. b7
{[%emt 0:01:05] Weighted Error Value: White=0.04 (flawless) / Black=0.28 
(precise)} 1-0

[Event "44th Chess Olympiad Open 2022"]
[Site "Chennai"]
[Date "2022.08.02"]
[Round "5.6"]
[White "Almeida Quintana, Omar"]
[Black "Abasov, Nijat"]
[Result "1/2-1/2"]
[WhiteElo "2523"]
[BlackElo "2633"]
[Annotator "TA"]
[PlyCount "151"]
[EventDate "2022.??.??"]
[TimeControl "60"]

1. d4 d5 2. Nf3 Nf6 3. c4 e6 4. Nc3 c5 5. cxd5 cxd4 6. Qa4+ Bd7 7. Qxd4 exd5 8. Bg5 {[%emt 0:00:17] White wants to play Bxf6.} (8. Nxd5 $5 Qa5+ 9. Nc3 $11) 8... Nc6 {[%emt 0:00:55] D41: Queen's Gambit Declined:
Semi-Tarrasch with 5 cxd5.} 9. Qd2 Be6 {[%emt 0:07:58]
Strongly threatening ...d4.} 10. e3 {[%emt 0:03:19] Against d4} h6 11. Bxf6 Qxf6 12. Bb5 {[%emt 0:02:20] 
[#]} Bb4 $146 ({Predecessor:} 12... Bc5 13. Nxd5 Bxd5 14. Qxd5
Bb4+ 15. Kf1 O-O 16. Bxc6 bxc6 17. Qd4 Qe7 18. a3 Bd6 19. Ke2 Rfd8 20. Qc3 Qb7
21. Rhd1 Be7 22. Nd4 {½-½ (64) Vaarala,E (1964)-Porte,H (2115) Helsingor 2009
}) 13. Rc1 a6 14. a3 Ba5 15. Bxc6+ bxc6 16. b4 Bc7 ({Black should try} 16... Bd8 $14) 17. Nd4
$16 Qg6 18. f4 (18. O-O {
seems wilder.} Bd7 19. Nxd5 Bxh2+ 20. Kxh2 cxd5 21. Rc5) 18... Bd7 {[%emt 0:00:
00] [#]} 19. Nxd5 $1 Bd8 20. Nc3 {[%emt 0:00:
00] White is much more active. The black rooks are badly placed. Pair of
Knights!} (20. f5 $5 Qd6 21. Nf4 $14) 20... a5 21. Nf3 {
[%emt 0:08:57] Prevents Bh4+.} Qe6 22. Na4 Be7 23. Nc5 Bxc5 24. Rxc5 O-O 25. O-O axb4 26. Re5 Qb3 27. axb4 Rfd8 28. Nd4 Qa3 29. Rb1 Rab8 30. h3 Re8 31. Rxe8+ Rxe8 32. Rb3 Qa7 33. Qc3 {[%emt 0:00:09] Prevents c5.} Qb7 34. Qc5 Be6 (34... Ra8 $16 35. Kh2 Kh7) 35. Ra3 $18 {
[%emt 0:00:43] Hoping for Ra7.} Bd5 (35... Qd7 {was worth a
try.} 36. Ra7 Qd8 37. Qxc6 Bd5) 36. Ra7 Qc8 (
36... Qb8 $142 37. Nxc6 Bxc6) 37. b5 $1 Rxe3 38. Nxc6 {[%emt 0:00:35] White wants to mate with Ne7+.} Re1+ 39. Kf2 Qe6 40. Ne7+ Kh7 {
[%emt 0:00:02] ( -> ...Qe2+)} 41. Nxd5 Re2+ 42. Kg1 Qe4 {[%emt 0:00:32][%csl Ge2][%cal Re4g2] [#]} 43. Ne3 Rxe3 44. Rxf7 Rxh3 45. gxh3 Qg6+ 46. Kf2 Qxf7 {[%emt 0:00:07] Endgame KQ-KQ} 47. Qb4 Qa2+ 48. Ke3 {[%emt 0:00:00] Threatens to win with b6.} Qh2 $2 (48... Kh8 $16 {might work better.} 49. b6 Qe6+ 50. Kd4 (50. Kf2 Qxh3 51.
Qb5 Qh4+ 52. Ke2 Qg4+ 53. Ke3 Qg1+ 54. Ke4 Qg2+ 55. Ke5 Qb7 $18) 50... Qf6+ 51.
Kd3 Qf5+ 52. Ke2 Qh5+ 53. Kf2 Qxh3) 49. Qe4+ Kh8 50. Kd4 $1 Qb2+ 51. Kc4 Qa2+ 52. Kc5 {[%emt 0:01:23] Black must now prevent b6.} Qa3+ 53. Kb6 $1 Qxh3 (53... Qd6+
54. Ka7 Qd7+ 55. Qb7 Qxh3) 54. Kc7 Qc3+ 55.
Kb7 $1 g5 56. Qe8+ (56. Qe5+
$142 Qxe5 57. fxe5) 56... Kh7 57. fxg5 $1 Qg7+ {[%emt 0:00:03] [#]} (57... hxg5 $142 58. Qh5+ Kg8 59. Qxg5+ Kf7) 58. Kc8
$1 {[%emt 0:00:09] Qd7 would kill now.} hxg5 {[%emt 0:00:16] [#]} 59. b6 $2 (59. Qe4+ $1 $18 Kh6 60. b6 Qg8+ 61. Kd7 Qg7+ 62. Ke8 Qg8+ 63.
Ke7 Qg7+ 64. Ke8 Qh8+ 65. Kf7 Qg7+ 66. Ke8) 59... Qc3+ $11 {[%emt 0:02:02] The
position is equal.} 60. Kd8 $1 (60. Kd7 Qd3+ 61. Kc8 Kh6 62.
Qe6+ Kh5 $18) 60... Qa5 $1 61. Qd7+ (61. Kc7
$5 Kh6 62. Qe6+ Kh5 63. Kb8 $18) 61... Kh6 62. Kc7 Kh5 63. Qh3+ Kg6 64.
Qf3 Qe5+ 65. Kc6 $1 {[%emt 0:00:39] aiming
for Qd5.} Qe8+ 66. Kc5 $1 {[%emt 0:00:42] White threatens
Qc6+ and mate.} Qe7+ $1 67. Kb5 Qe5+ 68. Ka6 {[%emt 0:00:25] And now Qc6+ would win.} Qa1+ 69. Kb7 Qd4 {[%emt 0:00:00] Prevents Qd5.} 70. Qc6+ Kh5 $1 71. Kc8 {[%emt 0:00:18] b7 is the
strong threat.} Qh8+ 72. Kc7 {[%emt 0:00:26] Threatening mate
with Qh1+.} Qg7+ 73. Qd7 Qc3+ 74. Qc6 Qg7+ 75. Kd8 Qd4+
$1 76. Kc7 {[%emt 0:00:00] Black defended with fortune.
Weighted Error Value: White=0.24 (precise) / Black=0.30} 1/2-1/2